 Dungeon Sprint DCSS version 0.23-a0-890-gc183402 (webtiles) character file.

Game seed: 17247014021706810967

3335 galech the Cleaver (level 9, -1/81 HPs)
             Began as a Demonspawn Fighter on Jan 28, 2019.
             Was an Elder of Okawaru.
             Slain by a 15-headed hydra (13 damage)
             ... in the Dungeon (Sprint IX: "|||||||||||||||||||||||||||||").
             The game lasted 00:02:31 (1115 turns).

galech the Cleaver (Demonspawn Fighter)             Turns: 1115, Time: 00:02:31

Health: -1/81      AC: 13    Str: 20    XL:     9   Next: 72%
Magic:  7/9        EV: 19    Int:  9    God:    Okawaru [****..]
Gold:   13         SH: 13    Dex: 16    Spells: 8/8 levels left

rFire    + . .     SeeInvis .   o - +8 mithril axe "Arga" {speed, MR+}
rCold    . . .     Gourm    .   c - +0 shield
rNeg     . . .     Faith    .   r - +2 ring mail
rPois    .         Spirit   .   (helmet restricted)
rElec    .         Reflect  .   q - +0 cloak
rCorr    .         Harm     .   (no gloves)
MR       +....     NoTele   +   (no boots)
Stlth    +++.......             (no amulet)
HPRegen  0.23/turn              s - +3 ring of strength
MPRegen  0.11/turn              t - +2 ring of protection

@: heroism
A: horns 1, demonic guardian 1, fire resistance 1, sturdy frame 1
a: Heroism, Renounce Religion


You were in the Dungeon.
You worshipped Okawaru.
Okawaru was greatly pleased with you.
You were not hungry.

You visited 1 branch You collected 13 gold pieces.

Inventory:

Hand Weapons
 a - a +0 war axe
 o - the +8 mithril axe "Arga" (weapon) {speed, MR+}
   (You found it in the Dungeon)

   Attacks with this weapon are significantly faster.
   It affects your resistance to hostile enchantments.
Armour
 c - a +0 shield (worn)
 q - a +0 cloak (worn)
 r - a +2 ring mail (worn)
Jewellery
 s - a +3 ring of strength (left hand)
 t - a +2 ring of protection (right hand)
Wands
 n - a wand of acid (10)
Scrolls
 k - 3 scrolls of blinking
 l - 3 scrolls of remove curse
 m - 2 scrolls of amnesia
 w - a scroll of fog
 x - a scroll of identify
 y - a scroll of fear
 z - 2 scrolls of enchant weapon
Potions
 d - a potion of invisibility
 e - 6 potions of curing
 g - 3 potions of heal wounds
 h - a potion of haste
 i - 4 potions of magic
 j - a potion of berserk rage
 u - 3 potions of brilliance
 v - a potion of mutation
Comestibles
 b - 12 chunks of flesh
 f - a ration


   Skills:
 + Level 11.0(16.0) Fighting
 + Level 13.0(18.0) Axes
 + Level 8.6(13.6) Armour
 + Level 5.3(10.3) Dodging
 + Level 1.6(6.6) Stealth
 + Level 8.7(13.7) Shields
 + Level 1.1 Invocations


You had 8 spell levels left.
You didn't know any spells.
Your spell library was empty.

Dungeon Overview and Level Annotations

Branches:
Dungeon (1/1)

Altars:
Cheibriados
Dithmenos
Elyvilon
Fedhas
Gozag
Hepliaklqana
Kikubaaqudgha
Makhleb
Nemelex Xobeh
Okawaru
Qazlal
Ru
Sif Muna
Trog
Uskayaw
Vehumet
Wu Jian
Xom
Yredelemnul
Zin
The Shining One
Beogh
Jiyva
Lugonu


Innate Abilities, Weirdness & Mutations

You have a pair of small horns on your head.
A weak demonic guardian rushes to your aid.
Your flesh is heat resistant. (rF+)
Your movements are slightly less encumbered by armour. (ER -2)


Message History

The 13-headed hydra closely misses you. x2; The 13-headed hydra bites you.
The 13-headed hydra barely misses you. You block the 13-headed hydra's attack.
The 13-headed hydra barely misses you. The 13-headed hydra bites you!
The 13-headed hydra bites you.
* * * LOW HITPOINT WARNING * * *
You hack one of the 13-headed hydra's heads off!
The 12-headed hydra grows two more!
You slash the 14-headed hydra! You headbutt the 14-headed hydra.
The 14-headed hydra is heavily wounded.
Your shadow imp hits the seven-headed hydra.
Something gores your shadow imp but does no damage.
You chop one of the 14-headed hydra's heads off!
The 13-headed hydra grows two more!
You slice the 15-headed hydra!!
The 15-headed hydra is heavily wounded.
The 15-headed hydra bites you but does no damage.
You block the 15-headed hydra's attack. The 15-headed hydra bites you!
* * * LOW HITPOINT WARNING * * *
The 15-headed hydra bites you but does no damage.
The 15-headed hydra bites you!
You die...

▓'▓.▓.▓
▓(▓.▓.▓
▓.▓.▓.▓
▓.▓.▓Y▓
▓.▓.▓D▓
▓)▓.▓.▓
▓÷▓.▓D▓
▓.▓.▓.▓
▓.▓@▓.▓
▓.▓D▓.▓
▓<▓D5.▓
▓▓▓▓▓▓▓


You could see a 15-headed hydra, a seven-headed hydra and a friendly shadow imp.

Vanquished Creatures
  A cyclops (D)
  A spiny frog (D)
  2 komodo dragons (D)
  A polar bear (D)
  A slime creature (D)
  3 hippogriffs (D)
  A wyvern (D)
  2 porcupines (D)
  A sky beast (D)
  A phantom (D)
  An ogre (D)
  2 centaurs (D)
  2 crocodiles (D)
  A big kobold (D)
  A bullfrog (D)
  A scorpion (D)
  An orc wizard (D)
  An adder (D)
  A leopard gecko (D)
  An orc (D)
  A bat (D)
  A goblin (D)
  A hobgoblin (D)
  A jackal (D)
  A giant cockroach zombie (D)
  2 rats (D)
33 creatures vanquished.

Vanquished Creatures (others)
  A sky beast (D)
1 creature vanquished.

Grand Total: 34 creatures vanquished

Notes
Turn   | Place    | Note
-------+----------+-------------------------------------------
     0 | D        | galech the Demonspawn Fighter began the quest for the Orb.
     0 | D        | Reached XP level 1. HP: 18/18 MP: 1/1
   130 | D        | Noticed a phantom
   130 | D        | Noticed a centaur
   133 | D        | Killed a centaur
   133 | D        | Reached skill level 5 in Fighting
   133 | D        | Reached skill level 2 in Axes
   133 | D        | Gained mutation: Your flesh is heat resistant. (rF+)
                  | [demonic ancestry]
   133 | D        | Reached XP level 2. HP: 6/27 MP: 2/2
   133 | D        | Reached XP level 3. HP: 8/33 MP: 3/3
   133 | D        | Reached XP level 4. HP: 9/39 MP: 4/4
   136 | D        | Reached skill level 5 in Armour
   137 | D        | Reached skill level 5 in Shields
   143 | D        | Found a roughly hewn altar of Beogh.
   143 | D        | Found a snail-covered altar of Cheibriados.
   143 | D        | Found a shadowy altar of Dithmenos.
   143 | D        | Found a white marble altar of Elyvilon.
   143 | D        | Found a blossoming altar of Fedhas.
   143 | D        | Found an opulent altar of Gozag.
   144 | D        | Found a hazy altar of Hepliaklqana.
   145 | D        | Found a viscous altar of Jiyva.
   146 | D        | Found an ancient bone altar of Kikubaaqudgha.
   153 | D        | Killed a phantom
   153 | D        | Reached skill level 3 in Axes
   153 | D        | Reached skill level 1 in Dodging
   153 | D        | Gained mutation: Your movements are slightly less
                  | encumbered by armour. (ER -2) [demonic ancestry]
   153 | D        | Reached XP level 5. HP: 8/47 MP: 5/5
   195 | D        | Found a corrupted altar of Lugonu.
   196 | D        | Found a burning altar of Makhleb.
   197 | D        | Found a sparkling altar of Nemelex Xobeh.
   198 | D        | Found an iron altar of Okawaru.
   199 | D        | Found a stormy altar of Qazlal.
   200 | D        | Found a sacrificial altar of Ru.
   201 | D        | Found a deep blue altar of Sif Muna.
   202 | D        | Found a bloodstained altar of Trog.
   203 | D        | Found a hide-covered altar of Uskayaw.
   204 | D        | Found a radiant altar of Vehumet.
   205 | D        | Found an ornate altar of the Wu Jian Council.
   206 | D        | Became a worshipper of Warmaster Okawaru
   207 | D        | Found a shimmering altar of Xom.
   208 | D        | Found a basalt altar of Yredelemnul.
   209 | D        | Found a glowing silver altar of Zin.
   210 | D        | Found a glowing golden altar of the Shining One.
   322 | D        | Found the +8 mithril axe "Arga" {speed, MR+}
   416 | D        | Noticed a centaur
   416 | D        | Noticed a sky beast
   416 | D        | Noticed an ogre
   428 | D        | Killed an ogre
   428 | D        | Reached skill level 4 in Axes
   428 | D        | Gained mutation: You have a pair of small horns on your
                  | head. [demonic ancestry]
   428 | D        | Reached XP level 6. HP: 55/55 MP: 6/6
   432 | D        | Killed a sky beast
   432 | D        | Reached skill level 5 in Axes
   443 | D        | Reached skill level 6 in Axes
   550 | D        | Noticed a wyvern
   550 | D        | Noticed a hippogriff
   550 | D        | Noticed a cyclops
   550 | D        | Noticed a slime creature
   550 | D        | Noticed a sky beast
   551 | D        | Reached XP level 7. HP: 63/63 MP: 7/7
   560 | D        | Killed a slime creature
   560 | D        | Reached * piety under Okawaru
   560 | D        | Reached skill level 7 in Axes
   567 | D        | Reached skill level 8 in Axes
   572 | D        | Killed a cyclops
   572 | D        | Reached ** piety under Okawaru
   572 | D        | Reached skill level 9 in Axes
   572 | D        | Gained mutation: A weak demonic guardian rushes to your
                  | aid. [demonic ancestry]
   572 | D        | Reached XP level 8. HP: 47/71 MP: 8/8
   575 | D        | Killed a hippogriff
   579 | D        | Reached skill level 10 in Axes
   897 | D        | Noticed a hippogriff
   897 | D        | Noticed a komodo dragon
   897 | D        | Noticed a spiny frog
   903 | D        | Killed a spiny frog
   903 | D        | Reached skill level 10 in Fighting
   908 | D        | Killed a komodo dragon
   908 | D        | Reached *** piety under Okawaru
   908 | D        | Reached skill level 11 in Axes
   908 | D        | Reached skill level 1 in Stealth
   908 | D        | Reached XP level 9. HP: 78/78 MP: 6/9
   910 | D        | Noticed a komodo dragon
   917 | D        | Reached skill level 5 in Dodging
   921 | D        | Reached skill level 12 in Axes
   926 | D        | Killed a komodo dragon
   926 | D        | Reached skill level 1 in Invocations
  1051 | D        | Noticed an eight-headed hydra
  1051 | D        | Noticed a six-headed hydra
  1051 | D        | Noticed a polar bear
  1061 | D        | Noticed a komodo dragon
  1063 | D        | Killed a polar bear
  1065 | D        | Noticed an elephant
  1067 | D        | Reached **** piety under Okawaru
  1067 | D        | Reached skill level 13 in Axes
  1115 | D        | Slain by a 15-headed hydra

Vault maps used:
D:        linesprint

Skill      XL: |  1  2  3  4  5  6  7  8  9 |
---------------+----------------------------+-----
Armour         | 4 6 7 8 |  8.6
Shields        | 4 5 6 7 8 |  8.7
Fighting       | 5 6 7 8 9 10 11 | 11.0
Axes           | 2 3 4 6 9 11 13 | 13.0
Dodging        | 1 3 4 5 |  5.3
Stealth        | 1 |  1.6
Invocations    | 1 |  1.1

Action                   |  1- 3 |  4- 6 |  7- 9 || total
-------------------------+-------+-------+-------++-------
Melee: War axe           |    18 |     9 |       ||    27
       Broad axe         |       |    26 |    74 ||   100
       Headbutt          |       |     4 |    18 ||    22
Invok: Heroism           |       |       |     2 ||     2
  Use: Potion            |     1 |       |     1 ||     2
  Eat: Chunk             |       |       |     1 ||     1
Armor: Scale mail        |     4 |     1 |       ||     5
       Ring mail         |       |     3 |    18 ||    21
Dodge: Dodged            |     8 |     7 |    27 ||    42
Block: Shield            |     7 |    18 |    25 ||    50

Table legend:
 A = Non-vault XP
 B = Vault XP
 C = Vault XP percentage of total XP
 D = Non-vault monster count
 E = Vault monster count
 F = Vault count percentage of total count
                 A         B        C        D         E       F
            +---------+---------+-------+---------+---------+-------
      Total |       0 |    4765 | 100.0 |       0 |      34 | 100.0
            +---------+---------+-------+---------+---------+-------
          D |       0 |    4765 | 100.0 |       0 |      34 | 100.0
            +---------+---------+-------+---------+---------+-------
